 Dungeon Crawl Stone Soup version 0.29-a0-284-gf9362112df (webtiles) character file.

Game seed: 3101512596206829636

34758 avis the Grappler (level 13, -5/113 HPs)
             Began as a Demigod Transmuter on Mar 22, 2022.
             Slain by a salamander
             ... wielding a +0 trident
              (12 damage)
             ... in a volcano on Mar 24, 2022.
             The game lasted 02:15:54 (22361 turns).

avis the Grappler (Demigod Transmuter)             Turns: 22361, Time: 02:15:54

Health: -5/113     AC: 12    Str: 23    XL:     13   Next: 14%
Magic:  29/33      EV: 16    Int: 20    God:
Gold:   1053       SH:  6    Dex: 21    Spells: 7/22 levels left

rFire   + + .      SeeInvis .     - Unarmed
rCold   + . .      Faith    .   L - +0 buckler
rNeg    . . .      Spirit   .   e - +2 robe {rC+ rF+}
rPois   +          Reflect  .   (helmet restricted)
rElec   .          Harm     .   V - +1 cloak {rPois}
rCorr   .          Rampage  .   a - +2 pair of gloves {Str+3}
Will    +....                   x - +0 pair of boots
Stlth   ++........              I - amulet of the acrobat
HPRegen 0.28/turn               v - ring of the Octopus King {MP+9 AC+1 EV+1 Str+1 Int+1 Dex+1}
MPRegen 0.23/turn               f - ring of protection from fire

@: hasted, very quick
A: high MP 1, forlorn, divine attributes, horns 1, agile 1, sense surroundings
1, screaming 1
a: no special abilities


You were in a volcano.
You visited 3 branches of the dungeon, and saw 15 of its levels.
You also visited: Gauntlet and Volcano.

You collected 1053 gold pieces.

Inventory:

Hand Weapons
 w - a +2 shortbow of freezing
Missiles
 k - 8 poisoned darts
 Q - 3 throwing nets
Armour
 a - a +2 pair of gloves of strength (worn)
 e - a +2 robe of resistance (worn)
 x - a +0 pair of boots (worn)
 L - a +0 buckler (worn)
 V - a +1 cloak of poison resistance (worn)
Magical Staves
 b - a staff of cold
Jewellery
 c - a +6 ring of dexterity
 f - a ring of protection from fire (right hand)
 n - a ring of magical power
 s - a +4 ring of protection
 v - a ring of the Octopus King (left hand) {MP+9 AC+1 EV+1 Str+1 Int+1 Dex+1}
   (You found it on level 4 of the Lair of Beasts)

   [ring of magical power]

   AC:        It affects your AC (+1).
   EV:        It affects your evasion (+1).
   Str:       It affects your strength (+1).
   Int:       It affects your intelligence (+1).
   Dex:       It affects your dexterity (+1).
   MP:        It affects your magic capacity (+9).
 I - an amulet of the acrobat (around neck)
 M - a ring of protection from cold
Wands
 h - a wand of polymorph (7)
 D - a wand of digging (8)
 E - a wand of mindburst (46)
 F - a wand of iceblast (3)
 G - a wand of paralysis (3)
 N - a wand of flame (27)
Scrolls
 d - a scroll of summoning {unknown}
 g - 3 scrolls of enchant armour {unknown}
 i - a scroll of brand weapon {unknown}
 j - 4 scrolls of fog
 m - 2 scrolls of vulnerability {unknown}
 o - 2 scrolls of identify
 y - 5 scrolls of teleportation
 K - 3 scrolls of blinking {unknown}
 T - a scroll of silence {unknown}
Potions
 l - a potion of invisibility
 p - 4 potions of curing
 q - a potion of magic
 r - a potion of might
 t - 5 potions of cancellation
 u - 2 potions of resistance
 z - a potion of mutation
 A - 2 potions of lignification
 H - a potion of brilliance {unknown}
 J - 3 potions of flight
 O - 2 potions of heal wounds {unknown}
Miscellaneous
 B - a condenser vane


   Skills:
 - Level 10.0 Fighting
 - Level 5.0 Armour
 * Level 5.9 Dodging
 - Level 4.0 Shields
 - Level 13.0 Unarmed Combat
 - Level 5.0 Spellcasting
 - Level 8.0 Transmutations
 - Level 4.0 Ice Magic
 - Level 5.2 Poison Magic


You had 7 spell levels left.
You knew the following spells:

 Your Spells              Type           Power      Damage    Failure   Level
a - Beastly Appendage     Tmut           74%        N/A       1%          1
e - Wereblood             Tmut           37%        N/A       1%          2
p - Spider Form           Tmut/Pois      31%        N/A       3%          3
q - Ice Form              Ice/Tmut       29%        N/A       12%         4
B - Blade Hands           Tmut           18%        N/A       16%         5

Your spell library contained the following spells:

 Spells                   Type           Power      Damage    Failure   Level
 Freeze                   Ice            84%        1d10      2%          1
 Poisonous Vapours        Pois/Air       30%        N/A       8%          2
 Frozen Ramparts          Ice            42%        1d6       9%          3
 Ozocubu's Armour         Ice            21%        N/A       9%          3
 Magic Dart               Conj           20%        1d4       14%         1
 Corpse Rot               Necr/Air       10%        N/A       22%         2
 Scorch                   Fire           10%        2d6       22%         2
 Searing Ray              Conj           10%        2d4       22%         2
 Sublimation of Blood     Necr           5%         N/A       22%         2
 Confusing Touch          Hex            5%         N/A       41%         3
 Portal Projectile        Hex/Tloc       10%        N/A       41%         3
 Summon Ice Beast         Ice/Summ       13%        N/A       54%         4
 Yara's Violent Unravell  Hex/Tmut       10%        3d6       61%         5
 Fulminant Prism          Conj/Hex       2%         3d6       82%         4
 Agony                    Necr           5%         N/A       99%         5
 Excruciating Wounds      Necr           2%         N/A       99%         5
 Conjure Ball Lightning   Conj/Air       2%         3x3d6     100%        6
 Enfeeble                 Hex            2%         N/A       100%        7
 Discord                  Hex            2%         N/A       100%        8
 Disjunction              Tloc           2%         N/A       100%        8
 Ignition                 Fire           2%         3d3       100%        8
 Infestation              Necr           2%         N/A       100%        8
 Fire Storm               Conj/Fire      2%         8d1       100%        9


Dungeon Overview and Level Annotations

Branches:
Dungeon (9/15)             Temple (1/1) D:5            Lair (5/6) D:9
  Swamp (0/4) Lair:4        Snake (0/4) Lair:4      Volcano (1/1)
Gauntlet (visited)
  Slime: Lair:5-6       Orc: D:9-12

Shops:
D:7 (   D:9 *

Annotations:
D:2 glass case


Innate Abilities, Weirdness & Mutations

You have an increased reservoir of magic. (+10% MP)
You shall have no god before yourself.
Your divine heritage dramatically boosts your attributes as you level up.
You have a pair of small horns on your head.
You are agile. (Dex +2)
You passively map a small area around you.
You occasionally shout uncontrollably at your foes.


Message History

You kill the salamander!
The salamander completely misses you.
A salamander comes into view. It is wielding a +1 vorpal halberd.
The salamander hits you from afar with a +0 trident!
You are engulfed in flames.
You resist.
You see here a +3 glaive of freezing.
You slash the salamander mystic!
Your slash misses the salamander mystic.
The salamander mystic is moderately wounded.
The salamander hits you from afar with a +0 trident.
You are engulfed in flames.
You resist.
* * * LOW HITPOINT WARNING * * *
You slash the salamander mystic! You headbutt the salamander mystic.
The salamander mystic is heavily wounded.
The salamander completely misses you.
The salamander mystic closely misses you.
You slash the salamander mystic!
The salamander mystic is severely wounded.
The salamander hits you but does no damage.
The salamander mystic casts a spell at you.
The bolt of magma hits you. You partially resist.
* * * LOW HITPOINT WARNING * * *
You slash the salamander mystic! x2
You kill the salamander mystic!
Your hands revert to their normal proportions.
Your +2 pair of gloves of strength unmelds from your body.
Your +0 buckler unmelds from your body.
You feel stronger. The salamander barely misses you.
A hell knight comes into view.
It is wielding a +2 flail of flaming and wearing a +1 chain mail of fire resistance.
The salamander hits you from afar with a +0 trident!
* * * LOW HITPOINT WARNING * * *
You are engulfed in flames.
You resist.
* * * LOW HITPOINT WARNING * * *
You feel yourself speed up. The hell knight casts a spell at you.
The bolt of fire hits you! You resist.
* * * LOW HITPOINT WARNING * * *
The salamander hits you from afar with a +0 trident!
You die...

,≈≈≈≈≈......#
, S≈≈......##
, ≈≈§.##...#
... #8.8# ..
##.## , #.#
** * ##'## *
,, ##...## ,
#.@∩).# *
#.)###N.# ,
#.N## *#.p#
#..# #..#
...# , * #...
.... * *..N
#..., . ###.
, * *


You could see a hell knight and 2 salamanders.

Vanquished Creatures
  A minotaur (Gauntlet)
  5 hydras
  A ghost crab (Gauntlet)
  A salamander mystic (Volcano)
  A deep troll (Lair:2)
  A bog body (Lair:4)
  Pikel (D:5)
  An oklob plant (Lair:3)
  2 salamanders (Volcano)
  3 black mambas
  7 elephants
  An ice statue (Gauntlet)
  9 cane toads
  3 rime drakes
  5 komodo dragons
  A polar bear (Lair:3)
  21 blink frogs
  A troll (D:8)
  Sigmund (D:5)
  A wyvern (Lair:2)
  38 yaks
  3 basilisks
  2 wraiths (D:6)
  6 fire bats (Volcano)
  Grum (D:5)
  A steam dragon (D:8)
  A swamp worm (shapeshifter) (Gauntlet)
  3 nagas (Lair:4)
  15 water moccasins
  2 sky beasts (D:5)
  7 black bears
  An orc warrior (D:5)
  An ice beast (D:8)
  2 centaurs
  An ogre (D:7)
  4 kobold brigands
  Blork the orc (D:6)
  4 necrophages
  9 bullfrogs
  4 gnoll sergeants
  A scorpion (D:6)
  5 wights (D:7)
  11 killer bees
  3 electric eels
  A howler monkey (D:5)
  4 lava snakes (Volcano)
  A jelly (D:7)
  13 hounds
  3 gnoll shamans
  4 orc priests
  Crazy Yiuf (D:6)
  Ijyb (D:4)
  12 iguanas
  8 orc wizards
  6 adders
  30 gnolls
  2 shadow imps
  3 white imps (D:6)
  2 ufetubi
  A worm (D:2)
  A dart slug (D:1)
  42 orcs
  7 endoplasms
  4 giant cockroaches
  4 hobgoblins
  15 jackals (D:5)
  24 kobolds
  5 quokkas
  8 ball pythons
  4 bats
  2 frilled lizards
  9 goblins
  5 rats
415 creatures vanquished.

Vanquished Creatures (others)
  4 fungi (Lair:5)
  17 plants
21 creatures vanquished.

Grand Total: 436 creatures vanquished

Notes
Turn   | Place    | Note
-------+----------+-------------------------------------------
     0 | D:1      | avis the Demigod Transmuter began the quest for the Orb.
     0 | D:1      | Reached XP level 1. HP: 15/15 MP: 5/5
   247 | D:1      | Reached skill level 3 in Unarmed Combat
   251 | D:1      | Reached skill level 1 in Fighting
   358 | D:1      | Got Qaklir's Volume of the Unholy Volcanoes
   482 | D:1      | Reached XP level 2. HP: 23/23 MP: 7/7
   965 | D:1      | Noticed a Brimstone Fiend
  1305 | D:2      | Reached XP level 3. HP: 28/29 MP: 8/8
  2118 | D:1      | Learned a level 3 spell: Spider Form
  2199 | D:2      | Reached XP level 4. HP: 16/36 MP: 7/9
  2870 | D:3      | Reached skill level 1 in Poison Magic
  3761 | D:4      | Noticed a yak
  3775 | D:4      | Noticed a yak
  3776 | D:4      | Noticed a yak
  3776 | D:4      | Noticed a yak
  3776 | D:4      | Noticed a yak
  3776 | D:4      | Noticed a yak
  3794 | D:3      | Killed a yak
  3795 | D:3      | Reached XP level 5. HP: 29/41 MP: 8/12
  3911 | D:4      | Noticed Ijyb
  3926 | D:4      | Killed Ijyb
  3927 | D:4      | Reached skill level 4 in Unarmed Combat
  4329 | D:3      | Reached XP level 6. HP: 27/48 MP: 10/13
  4485 | D:3      | Learned a level 4 spell: Ice Form
  4639 | D:3      | Killed a yak
  4732 | D:3      | Killed a yak
  4733 | D:3      | Reached XP level 7. HP: 6/55 MP: 14/14
  5189 | D:3      | Killed a yak
  5323 | D:3      | Killed a yak
  5324 | D:3      | Reached skill level 5 in Unarmed Combat
  5460 | D:4      | Killed a yak
  5947 | D:5      | Entered Level 5 of the Dungeon
  5955 | D:4      | Reached XP level 8. HP: 63/63 MP: 12/15
  6264 | D:4      | Reached skill level 6 in Unarmed Combat
  6771 | D:5      | Reached skill level 7 in Unarmed Combat
  6888 | D:5      | Found a staircase to the Ecumenical Temple.
  6910 | D:5      | Reached skill level 1 in Shields
  6914 | D:5      | Noticed Sigmund
  7190 | D:5      | Killed Sigmund
  7191 | D:5      | Reached XP level 9. HP: 71/71 MP: 12/16
  7287 | D:5      | Noticed Grum
  7295 | D:5      | Killed Grum
  7778 | D:5      | Reached skill level 5 in Fighting
  8710 | Temple   | Entered the Ecumenical Temple
  9178 | D:6      | Noticed Pikel
  9189 | D:5      | Killed Pikel
  9190 | D:5      | Reached skill level 5 in Spellcasting
  9190 | D:5      | Reached skill level 5 in Dodging
  9221 | D:5      | Learned a level 2 spell: Wereblood
  9411 | D:6      | Found a runed translucent door.
  9412 | D:6      | Noticed Crazy Yiuf
  9421 | D:6      | Killed Crazy Yiuf
  9964 | D:6      | Noticed Blork the orc
  9978 | D:6      | Reached XP level 10. HP: 66/81 MP: 19/21
  9993 | D:6      | Reached skill level 5 in Poison Magic
  9995 | D:6      | Killed Blork the orc
 10006 | D:6      | HP: 4/97 [poisoned by Blork the orc]
 11276 | D:7      | Learned a level 5 spell: Blade Hands
 11402 | D:7      | Reached skill level 8 in Unarmed Combat
 11423 | D:7      | Found Comeac's Weapon Shoppe.
 11978 | D:7      | Reached skill level 5 in Transmutations
 12239 | D:8      | Gained mutation: You do not regenerate when monsters are
                  | visible. [mutagenic glow]
 12247 | D:8      | Gained mutation: You have hidden genetic defects.
                  | [mutagenic glow]
 12791 | D:8      | Reached skill level 9 in Unarmed Combat
 12799 | D:8      | Gained mutation: You occasionally shout uncontrollably at
                  | your foes. [hidden defects]
 13335 | Temple   | Lost mutation: You do not regenerate when monsters are
                  | visible. [potion of mutation]
 13335 | Temple   | Lost mutation: You have hidden genetic defects. [potion of
                  | mutation]
 13335 | Temple   | Gained mutation: You are strong-willed. (Will+) [potion of
                  | mutation]
 13335 | Temple   | Gained mutation: You frequently scream uncontrollably at
                  | your foes. [potion of mutation]
 13335 | Temple   | Gained mutation: Your body sometimes deteriorates upon
                  | taking damage. [potion of mutation]
 13335 | Temple   | Gained mutation: You have a pair of small horns on your
                  | head. [potion of mutation]
 13336 | Temple   | Lost mutation: Your body sometimes deteriorates upon taking
                  | damage. [potion of mutation]
 13336 | Temple   | Lost mutation: You are strong-willed. (Will+) [potion of
                  | mutation]
 13336 | Temple   | Gained mutation: Your flesh is heat resistant. (rF+)
                  | [potion of mutation]
 13511 | D:9      | Found Nol Imy's Lightly-Used Armoury.
 13985 | D:9      | Noticed an elephant
 13986 | D:9      | Found a staircase to the Lair.
 14011 | D:9      | Killed an elephant
 14012 | D:9      | Reached XP level 11. HP: 22/86 MP: 22/22
 14879 | Lair:1   | Entered Level 1 of the Lair of Beasts
 14883 | Lair:1   | Found a gate leading to a gauntlet.
 14891 | Gauntlet | Entered a Gauntlet
 14891 | Gauntlet | Found a transporter.
 14891 | Gauntlet | Found a transporter.
 14891 | Gauntlet | Found a transporter.
 14901 | Gauntlet | Found a transporter.
 14904 | Gauntlet | Found a transporter.
 14919 | Gauntlet | Found a transporter.
 14919 | Gauntlet | Found a transporter.
 14925 | Gauntlet | Noticed a ghost crab
 14932 | Gauntlet | Found a transporter.
 14949 | Gauntlet | Found a transporter.
 14953 | Gauntlet | Found a transporter.
 14956 | Gauntlet | Found a transporter.
 14957 | Gauntlet | Noticed a wizard
 14958 | Gauntlet | Found a runed translucent gate.
 14958 | Gauntlet | Found a runed translucent gate.
 14958 | Gauntlet | Found a runed translucent gate.
 14959 | Gauntlet | Found a large runed translucent door.
 14959 | Gauntlet | Found a large runed translucent door.
 14960 | Gauntlet | Found a large runed translucent door.
 14960 | Gauntlet | Found a large runed translucent door.
 14961 | Gauntlet | Found a large runed translucent door.
 14962 | Gauntlet | Found a large runed translucent door.
 14964 | Gauntlet | Found a large runed translucent door.
 14964 | Gauntlet | Found a large runed translucent door.
 14968 | Gauntlet | Found a large runed translucent door.
 14968 | Gauntlet | Found a large runed translucent door.
 14968 | Gauntlet | Found a runed translucent door.
 14968 | Gauntlet | Found a runed translucent door.
 14969 | Gauntlet | Found a large runed translucent door.
 14970 | Gauntlet | Found a large runed translucent door.
 14972 | Gauntlet | Found a transporter.
 14979 | Gauntlet | Found a large runed translucent door.
 14979 | Gauntlet | Found a large runed translucent door.
 14980 | Gauntlet | Found a large runed translucent door.
 14981 | Gauntlet | Found a large runed translucent door.
 15091 | Gauntlet | Noticed a steelbarb worm
 15094 | Gauntlet | a steelbarb worm changed into a slime creature
 15448 | Gauntlet | Killed a ghost crab
 15451 | Gauntlet | Identified the +11 great sword "Wirygg" {speed, Fragile rC+
                  | rN+ Int+6}
 15594 | Gauntlet | Identified the +5 ring mail of the Frog {rPois Slay-6 SInv}
 15594 | Gauntlet | Noticed a minotaur
 15613 | Gauntlet | HP: 3/89 [minotaur/+1 glaive of flaming (7)]
 15614 | Gauntlet | Killed a minotaur
 15626 | Gauntlet | Identified the +1 cloak of the Armoured One {Harm rC-
                  | Str+7}
 15635 | Gauntlet | Got the Almanac of Captivating Cold
 16633 | Lair:1   | Reached skill level 10 in Unarmed Combat
 16768 | Lair:1   | Lost mutation: Your flesh is heat resistant. (rF+) [potion
                  | of mutation]
 16768 | Lair:1   | Lost mutation: You frequently scream uncontrollably at your
                  | foes. [potion of mutation]
 16768 | Lair:1   | Gained mutation: You passively map a small area around you.
                  | [potion of mutation]
 16768 | Lair:1   | Gained mutation: You are agile. (Dex +2) [potion of
                  | mutation]
 16837 | Lair:1   | Got the Guide on Icy Heat
 17450 | Lair:2   | Noticed an eight-headed hydra
 17461 | Lair:2   | Killed an eight-headed hydra
 17681 | Lair:2   | Reached skill level 11 in Unarmed Combat
 18330 | Lair:2   | Noticed a deep troll
 18335 | Lair:2   | Killed a deep troll
 18663 | Lair:3   | Noticed a four-headed hydra
 18671 | Lair:3   | Killed a four-headed hydra
 18808 | Lair:3   | Noticed a seven-headed hydra
 18815 | Lair:3   | Killed a seven-headed hydra
 18816 | Lair:3   | Reached XP level 12. HP: 88/101 MP: 23/23
 19443 | Lair:3   | Reached skill level 5 in Armour
 20615 | Lair:4   | Reached skill level 12 in Unarmed Combat
 20921 | Lair:4   | Found a staircase to the Snake Pit.
 20947 | Lair:4   | Found a staircase to the Swamp.
 21045 | Lair:4   | Noticed a five-headed hydra
 21054 | Lair:4   | Killed a five-headed hydra
 21402 | Lair:4   | Found the ring of the Octopus King
 21411 | Lair:4   | Identified a ring of the Octopus King {MP+9 AC+1 EV+1 Str+1
                  | Int+1 Dex+1}
 21623 | Lair:5   | Noticed an eight-headed hydra
 21628 | Lair:5   | Killed an eight-headed hydra
 21833 | Lair:5   | Reached skill level 13 in Unarmed Combat
 22098 | Lair:5   | Reached XP level 13. HP: 79/111 MP: 24/24
 22117 | Lair:5   | Found a dark tunnel.
 22123 | Volcano  | Entered a volcano
 22321 | Volcano  | Reached skill level 10 in Fighting
 22361 | Volcano  | Slain by a salamander

Illustrated notes

Levels and vault maps discovered:
D:1:      tarquinn_simple_flora_water_d, layout_basic,
          dreamdust_ecumenical_altar_sealed_demon
D:2:      layout_rooms, due_unseen_surprise
D:3:      layout_loops_corners, mainiacjoe_overflow_catwalk_spiral,
          minmay_pentangle
D:4:      layout_gridville, chequers_temple_overflow_statue_of_worship,
          uniq_ijyb
D:5:      lemuel_castle_with_subvaults [lemuel_castle_interior_original],
          layout_cave_pools, temple_pool_b, serial_gnoll_camp,
          gnoll_camp_huts_basic, gnoll_camp_mini_doghouse, grums_kennel,
          gnoll_camp_mini_hut, uniq_sigmund
D:6:      wad_guarded_room, layout_cave_pools, uniq_blork_the_orc, uniq_pikel,
          uniq_crazy_yiuf_cottage
D:7:      layout_cave_pools, enter_bailey_8, nicolae_take_the_stairs,
          nrook_pool_corridor
D:8:      layout_rooms, minmay_tree_intersection
D:9:      layout_long_grid, david_lair_generic, minmay_misc_feat_encased,
          minmay_shop_damaged
Temple:   compressed_dpeg_circular_temple
Lair:1:   beast_lair_carwin_large_1, layout_chaotic_city,
          gauntlet_entry_generic, grunt_megastairs_1, lemuel_fruit_fields,
          serial_bayou_shore_b
Lair:2:   dreamdust_cave_troll, layout_loops_ring, basic_altar,
          serial_bayou_shore_b
Lair:3:   layout_loops_ring, beast_lair_carwin_8, grunt_megastairs_4
Lair:4:   layout_hall_layers, skrybe_swamp_entry_bodies,
          minmay_snake_entry_guardpost_small, infiniplex_staircase_pool,
          serial_bayou_shore_a, grunt_megastairs_3
Lair:5:   layout_roguey, nicolae_volcano_entry_hallway, serial_bayou_shore_b,
          grunt_megastairs_5, lemuel_fruit_fields
Volcano:  volcano_grotto [vgs_dualism]

Skill      XL: |  1  2  3  4  5  6  7  8  9 10 11 12 13 |
---------------+----------------------------------------+-----
Unarmed Combat | 3 4 5 7 9 11 13 | 13.0
Fighting       | 1 2 3 4 5 8 9 10 | 10.0
Transmutations | 2 3 4 7 8 |  8.0
Spellcasting   | 2 3 5 |  5.0
Dodging        | 2 3 4 5 |  5.9
Poison Magic   | 2 4 5 |  5.2
Ice Magic      | 3 4 |  4.0
Shields        | 3 4 |  4.0
Armour         | 2 5 |  5.0

Action                   |  1- 3 |  4- 6 |  7- 9 | 10-12 | 13-15 || total
-------------------------+-------+-------+-------+-------+-------++-------
Melee: Unarmed           |   147 |   112 |   406 |   580 |    35 ||  1280
       Punch             |     5 |     4 |       |    11 |     4 ||    24
       Kick              |     3 |    13 |     4 |       |       ||    20
       Headbutt          |     3 |    11 |     3 |    37 |     8 ||    62
 Fire: Hand crossbow     |       |       |    17 |       |       ||    17
 Cast: Beastly Appendage |     2 |    20 |     6 |     2 |       ||    30
       Spider Form       |       |     8 |    48 |    17 |       ||    73
       Ice Form          |       |       |     8 |    33 |       ||    41
       Blade Hands       |       |       |       |    29 |     3 ||    32
 Abil: End Transformatio |       |       |     1 |     1 |       ||     2
  Use: Scroll            |       |       |    13 |     5 |       ||    18
       Potion            |       |       |     3 |     7 |     1 ||    11
 Stab: Sleeping          |     2 |     2 |     3 |     5 |       ||    12
       Distracted        |       |       |       |     1 |       ||     1
Armor: Robe              |    18 |       |       |    38 |    11 ||    67
       Leather armour    |     4 |    14 |     1 |       |       ||    19
       Skin              |       |     4 |    29 |    67 |       ||   100
Dodge: Dodged            |    90 |    96 |   403 |   384 |    44 ||  1017
Block: Buckler           |       |       |     6 |     4 |     1 ||    11

Table legend: (Time is in decaauts)
 A = Elapsed time spent in this place.
 B = Non-inter-level travel time spent in this place.
 C = Inter-level travel time spent in this place.
 D = Time resting spent in this place.
 E = Time spent auto-exploring this place.
 F = Levels seen in this place.
 G = Mean time per level.
                   A        B        C        D        E       F      G
               +--------+--------+--------+--------+--------+-----+--------+
         Total |  22303 |  20441 |   1862 |   7545 |   7220 |  17 | 1311.9 |
       Dungeon |  14780 |  13495 |   1285 |   5413 |   4268 |   9 | 1642.2 |
        Temple |    303 |    280 |     23 |    137 |     51 |   1 |  303.0 |
          Lair |   5931 |   5378 |    553 |   1189 |   2900 |   5 | 1186.2 |
       Volcano |    230 |    230 |      0 |    135 |      0 |   1 |  230.0 |
      Gauntlet |   1056 |   1056 |      0 |    670 |      0 |   1 | 1056.0 |
               +--------+--------+--------+--------+--------+-----+--------+

Top non-repeatable levels by time:
     D:3: 2546 daAuts
     D:5: 2500 daAuts
  Lair:3: 1868 daAuts
     D:8: 1684 daAuts
  Lair:1: 1643 daAuts
     D:6: 1563 daAuts
     D:4: 1526 daAuts
     D:1: 1436 daAuts
     D:7: 1396 daAuts
     D:2: 1077 daAuts
Gauntlet: 1056 daAuts
     D:9: 1050 daAuts
  Lair:2: 1037 daAuts
  Lair:4: 923 daAuts
  Lair:5: 458 daAuts
